 Dungeon Crawl Stone Soup version 0.19-a0-1815-g4007336 (webtiles) character file.

780 JeffiDaFish the Sneak (level 7, -2/51 HPs)
             Began as a Vampire Enchanter on Oct 5, 2016.
             Was an Initiate of Kikubaaqudgha.
             Slain by Fraydo's ghost (11 damage)
             ... on level 5 of the Dungeon.
             The game lasted 00:32:30 (5834 turns).

JeffiDaFish the Sneak (Vampire Enchanter)           Turns: 5834, Time: 00:32:30

Health: -2/51      AC:  3    Str:  6 (9)  XL:     7   Next: 55%
Magic:  7/13       EV: 13    Int: 16 (18) God:    Kikubaaqudgha [......]
Gold:   187        SH:  0    Dex: 13 (16) Spells: 4 memorised, 3 levels left

rFire  . . .     SeeInvis +     h - +3 dagger (venom)
rCold  . . .     Gourm    .     b - +1 robe
rNeg   + . .     Faith    .     (no shield)
rPois  .         Spirit   .     (no helmet)
rElec  .         Dismiss  +     (no cloak)
rCorr  .         Reflect  .     (no gloves)
MR     .....     Harm     .     (no boots)
Stlth  +++.......               e - amulet of dismissal
                                (no ring)
                                (no ring)

@: no status effects
A: fangs 3, see invisible, agile 1, blink, high mp 1, unbreathing
a: Bat Form, Blink, Renounce Religion


You were on level 5 of the Dungeon.
You worshipped Kikubaaqudgha.
Kikubaaqudgha was noncommittal.
You were not thirsty.

You visited 2 branches of the dungeon, and saw 6 of its levels.

You collected 187 gold pieces.

Inventory:

Hand Weapons
 h - a +3 dagger of venom (weapon)
Armour
 b - a +1 robe (worn)
Rods
 f - a +0 lightning rod (10/10)
   (You found it on level 5 of the Dungeon)
Jewellery
 e - an amulet of dismissal (around neck)
Scrolls
 j - a scroll of remove curse
 k - a scroll of amnesia
 l - 3 scrolls of identify
Potions
 a - a potion of agility
 d - 19 potions of blood
 g - 3 potions of curing
 i - a potion of brilliance
Books
 c - a book of Maledictions

   Spells                             Type                      Level
   a - Corona                         Hexes                        1
   b - Ensorcelled Hibernation        Hexes/Ice                    2
   c - Confuse                        Hexes                        3
   d - Tukima's Dance                 Hexes                        3
   e - Dazzling Spray                 Conjuration/Hexes            3
 m - a book of Battle

   Spells                             Type                      Level
   a - Infusion                       Charms                       1
   b - Shroud of Golubria             Charms/Translocation         2
   c - Song of Slaying                Charms                       2
   d - Spectral Weapon                Hexes/Charms                 3
   e - Regeneration                   Charms/Necromancy            3
Comestibles
 p - 2 royal jellies


   Skills:
 * Level 2.6 Fighting
 + Level 3.3 Short Blades
 + Level 3.7 Dodging
 + Level 6.8 Stealth
 + Level 3.2 Spellcasting
 + Level 6.3 Hexes
 + Level 2.0 Charms
 + Level 1.5 Necromancy
 + Level 2.1 Ice Magic


You had 3 spell levels left.
You knew the following spells:

 Your Spells              Type           Power        Failure   Level  Hunger
a - Corona                Hex            ###....      1%          1    None
b - Ensorcelled Hibernat  Hex/Ice        ###...       6%          2    ##.....
c - Confuse               Hex            ###.....     4%          3    ###....
d - Regeneration          Chrm/Necr      #.........   28%         3    ###....


Dungeon Overview and Level Annotations

Branches:
Dungeon (5/15)             Temple (1/1) D:4

Altars:
Ashenzari
Cheibriados
Elyvilon
Fedhas
Gozag
Hepliaklqana
Kikubaaqudgha
Makhleb
Nemelex Xobeh
Okawaru
Qazlal
Ru
Trog
Uskayaw
Vehumet
Xom
Yredelemnul
Zin
The Shining One

Shops:
D:4 (

Annotations:
D:5 Fraydo's ghost, novice MiGl


Innate Abilities, Weirdness & Mutations

You have razor-sharp teeth.
You have supernaturally acute eyesight. (SInv)
You can survive without breathing.
You are agile. (Dex +2)
You can translocate small distances at will.
You have an increased reservoir of magic. (+10% MP)


Message History

Fraydo's ghost hits you.
You hit Fraydo's ghost but do no damage.
Fraydo's ghost is moderately damaged.
Fraydo's ghost hits you!
You hit Fraydo's ghost but do no damage.
Fraydo's ghost is moderately damaged.
Fraydo's ghost closely misses you.
You barely miss Fraydo's ghost.
Fraydo's ghost is moderately damaged.
You hit Fraydo's ghost but do no damage.
Fraydo's ghost is moderately damaged.
Fraydo's ghost hits you!
* * * LOW HITPOINT WARNING * * *
You are too injured to fight recklessly!
You hit Fraydo's ghost but do no damage.
Fraydo's ghost is moderately damaged.
Fraydo's ghost hits you!
You die...
Xom roars with laughter!
Kikubaaqudgha rasps: "You have failed me!
Welcome... oblivion!"

..## ###................... .##
##................###.. .#
###................## . .###
##...................#
...###.....................##
.....#......................#
.#..........................## ..
####...>.....(...>...........##..
# #............@W............#..
##............................
#.................)..........
#............................ #
##..............?............ #
........................... #
.......................... ##
#..........................# .#
#..........................##


You could see Fraydo's ghost.

Vanquished Creatures
  A black bear (D:4)
  2 ogres
  A howler monkey (D:5)
  3 hounds
  A bullfrog skeleton (D:5)
  4 orc priests
  An orc wizard (D:5)
  Jessica (D:2)
  A worker ant (D:4)
  A hell rat (D:5)
  3 gnolls (D:2)
  2 adders
  3 worms
  A dart slug (D:4)
  6 leopard geckos
  15 orcs
  2 giant cockroaches
  9 goblins
  4 hobgoblins
  5 jackals
  4 kobolds
  4 quokkas
  A ball python (D:3)
  10 bats
  A frilled lizard (D:1)
  6 rats
92 creatures vanquished.

Notes
Turn   | Place    | Note
-------+----------+-------------------------------------------
     0 | D:1      | JeffiDaFish the Vampire Enchanter began the quest for the Orb.
     0 | D:1      | Reached XP level 1. HP: 13/13 MP: 3/3
   570 | D:1      | Reached XP level 2. HP: 19/19 MP: 5/5
   872 | D:1      | Learned a level 2 spell: Ensorcelled Hibernation
  1282 | D:2      | Reached skill level 5 in Stealth
  1282 | D:2      | Reached XP level 3. HP: 24/24 MP: 3/6
  1291 | D:2      | Reached skill level 5 in Hexes
  1636 | D:2      | Noticed Jessica
  1656 | D:2      | Killed Jessica
  1656 | D:2      | Reached XP level 4. HP: 14/30 MP: 0/7
  1937 | D:2      | Learned a level 3 spell: Confuse
  2557 | D:2      | You fall through a shaft for 2 floors!
  2943 | D:2      | Reached XP level 5. HP: 25/36 MP: 5/8
  3280 | D:3      | Found a snail-covered altar of Cheibriados.
  3281 | D:3      | Found a blossoming altar of Fedhas.
  3297 | D:3      | Found a white marble altar of Elyvilon.
  3299 | D:3      | Found an ancient bone altar of Kikubaaqudgha.
  3299 | D:3      | Found a bloodstained altar of Trog.
  3300 | D:3      | Found a hide-covered altar of Uskayaw.
  3301 | D:3      | Found a glowing silver altar of Zin.
  3302 | D:3      | Found a stormy altar of Qazlal.
  3303 | D:3      | Found a glowing golden altar of the Shining One.
  3304 | D:3      | Found a shimmering altar of Xom.
  3338 | D:3      | Found a faded altar of an unknown god.
  3366 | D:3      | Reached skill level 1 in Ice Magic
  3495 | D:3      | Gained mutation: You have an increased reservoir of magic. (+10% MP) [potion of mutation]
  3495 | D:3      | Gained mutation: You can translocate small distances at will. [potion of mutation]
  3495 | D:3      | Gained mutation: You are agile. (Dex +2) [potion of mutation]
  3714 | D:4      | Learned a level 3 spell: Regeneration
  3801 | D:4      | Reached skill level 1 in Fighting
  4018 | D:4      | Found a staircase to the Ecumenical Temple.
  4032 | D:4      | Found Xunoesk's Antique Weapon Shoppe.
  4041 | Temple   | Entered the Ecumenical Temple
  4362 | D:3      | Reached XP level 6. HP: 7/43 MP: 2/11
  4585 | D:3      | Became a worshipper of The Xom-Meister, Xom-a-lom-a-ding-dong
  4586 | D:3      | Fell from the grace of Xom
  4643 | D:3      | Became a worshipper of Kikubaaqudgha
  4757 | D:3      | Reached skill level 1 in Charms
  5212 | D:4      | Reached skill level 1 in Necromancy
  5212 | D:4      | Reached XP level 7. HP: 50/50 MP: 12/12
  5338 | D:5      | Entered Level 5 of the Dungeon
  5523 | D:5      | XOM: polymorph adder -> hell rat
  5807 | D:5      | Noticed Fraydo's ghost (novice MiGl)
  5834 | D:5      | Slain by Fraydo's ghost

Vault maps used:
D:1:      kennysheep_arrival_seaside
D:2:      roderic_lattice_a, uniq_jessica
D:3:      minitemple, ecumenical_altar_2
D:4:      black_bear_nest_1, serial_shops, shop, st_stairs_14
D:5:      first_bread, gup_sewer_entry_pipe
Temple:   kb_temple_of_zot

Skill      XL: |  1  2  3  4  5  6  7 |
---------------+----------------------+-----
Stealth        | 5 6 |  6.8
Hexes          | 5 6 |  6.3
Short Blades   | 2 3 |  3.3
Dodging        | 3 |  3.7
Ice Magic      | 1 2 |  2.1
Fighting       | 1 2 |  2.6
Charms         | 1 2 |  2.0
Spellcasting   | 3 |  3.2
Necromancy     | 1 |  1.5

Action                   |  1- 3 |  4- 6 |  7- 9 || total
-------------------------+-------+-------+-------++-------
Melee: Dagger            |    72 |   131 |    46 ||   249
       Bite              |     3 |     6 |     6 ||    15
 Cast: Ensorcelled Hiber |     5 |    15 |     3 ||    23
       Confuse           |       |     9 |     5 ||    14
Invok: Renounce Religion |       |     1 |       ||     1
 Abil: Blink             |       |     1 |       ||     1
  Use: Scroll            |     1 |     4 |     3 ||     8
       Potion            |     6 |    16 |     4 ||    26
 Stab: Sleeping          |     9 |    17 |     3 ||    29
       Confused          |       |     3 |     2 ||     5
       Distracted        |       |     1 |       ||     1
Armor: Robe              |    15 |     8 |       ||    23
Dodge: Dodged            |    50 |    80 |    21 ||   151
